Zazza, neutral female gnomish Wizard ------- #......| ###|.....| ###+.....| #### |......# #### -------# `### # #### # #### #### ----+------ #### #-------- -+--+ |.........|#### #|......| |..... #### |..........#### #-.!....| | -.-------------- .<........| # |$....*| |....- .@..F..........| |.........| -------- | |..............| ----------- ..............| ---------------- Zazza the Evoker Experience level: 1 Strength: 11 Dexterity: 12 Constitution: 13 Intelligence: 19 Wisdom: 10 Charisma: 10 Health: 11(11) Energy: 7(7) Def: 1 Gold: 0 Moves: 401 Dungeon seed: xWiQjp4c7Yf_secy Game ID: Zazza_1620595728 Your Inventory: Armor e - an uncursed +0 cloak of magic resistance (being worn) Comestibles o - an uncursed lichen corpse r - an uncursed tripe ration B - an uncursed cream pie Scrolls i - an uncursed scroll of identify j - an uncursed scroll of charging k - an uncursed scroll of gold detection Spellbooks l - a blessed spellbook of force bolt m - an uncursed spellbook of create monster s - an uncursed spellbook of detect food Potions f - a blessed potion of restore ability g - an uncursed potion of gain energy h - an uncursed potion of booze p - an uncursed potion of sleeping Rings c - an uncursed ring of polymorph (on left hand) d - an uncursed ring of conflict t - a cursed ring of teleportation (on right hand) Wands b - a wand of light (0:15) Gems n - an uncursed worthless piece of black glass q - an uncursed agate stone Spells and supernatural/magical abilities: Name Level Category Fail Memory a - force bolt 1 attack 0% 98% E - detect food 2 divination 56% 100% O - create monster 2 clerical 56% 98% W - pray for help -- divine ? -- Your skills at the end: Fighting Skills Weapon Skills quarterstaff [Basic] Spellcasting Skills attack spells [Basic] enchantment spells [Basic] Final Attributes: You were nominally aligned. You were magic-protected. You had infravision. You could teleport. You were polymorphing. You survived. Vanquished creatures: a Keystone Kop a gecko a fox a lichen 3 newts 7 creatures vanquished. Voluntary challenges: You went without food. You were an atheist. You never hit with a wielded weapon. You were a pacifist. You read items or engraved 3 times, starting on turn 242. You never genocided any monsters. You never polymorphed an object. You never changed form. You used no wishes. You never split a pudding. You never wrote Elbereth's name. You never violated your personal moral code. Dungeon overview: The Dungeons of Doom: levels 1 to 3 Level 1 a long staircase Level 2 Level 3 <- You were here a general store History has recorded: On T:1 you entered the Dungeons of Doom to retrieve the Amulet of Yendor! On T:178 you reached level 2 of The Dungeons of Doom. On T:236 you reached level 3 of The Dungeons of Doom. Score breakdown: Gold: 0 ( 0 points) Experience: 1 level ( 0 points) Exploration: 3 levels ( 5.88%) ( 6000 points) Discoveries: 2 items ( 0.70%) ( 2504 points) Valuables value: (no points given unless you survive) Artifact value: 0 ( 0 points) Variety of kills: 5 monsters ( 1.31%) ( 3436 points) Turncount: 401 turns ( 0 points) Survival: quit (score multiplied by 90%) Total score: 10746 Latest messages: You drop 151 gold pieces. 151 zorkmids are added to your credit. Your wallet is empty. You have 151 zorkmids credit at Sipaliwini's general store. You owe Sipaliwini 924 zorkmids. You drop a food ration (unpaid, 60 zorkmids). You drop 4 fortune cookies (unpaid, 36 zorkmids). You drop a scroll labeled LEP GEX VEN ZEA (unpaid, 106 zorkmids). You drop a dog eared spellbook (unpaid, 177 zorkmids). You drop a potion of restore ability (unpaid, 133 zorkmids). You drop a ruby potion (unpaid, 133 zorkmids). The door resists! The door opens. Never mind. You stop searching. You escaped the shop without paying! You stole 128 zorkmids worth of merchandise. An alarm sounds! The Keystone Kops are after you! You hear some noises in the distance. Sipaliwini comes and takes all your possessions. Final status: Goodbye Zazza the Wizard, quit... You quit in The Dungeons of Doom on dungeon level 3 with 10746 points, and 0 pieces of gold, after 401 moves. You were level 1 with a maximum of 11 hit points when you quit.